 Dungeon Crawl Stone Soup version 0.25-a0-100-g33052ceff8 (console) character file.

Game seed: 1496220187467520772, levelgen mode: deterministic

71 Kagalorn the Slasher (level 4, -3/34 HPs)
             Began as a Gnoll Wanderer on Nov 15, 2019.
             Slain by a worm (9 damage)
             ... on level 2 of the Dungeon.
             The game lasted 00:04:28 (1484 turns).

Kagalorn the Slasher (Gnoll Wanderer)               Turns: 1484, Time: 00:04:29

Health: -3/34      AC:  3    Str: 12    XL:     4   Next: 24%
Magic:  6/6        EV: 13    Int: 14    God:
Gold:   70         SH:  0    Dex: 18    Spells: 5/5 levels left

rFire    . . .     SeeInvis .   a - +2 falchion
rCold    . . .     Gourm    .   (no shield)
rNeg     . . .     Faith    .   d - +0 robe
rPois    .         Spirit   .   m - +0 helmet
rElec    .         Reflect  .   (no cloak)
rCorr    .         Harm     .   (no gloves)
MR       .....                  (no boots)
Stlth    +++.......             (no amulet)
HPRegen  0.11/turn              (no ring)
MPRegen  0.10/turn              (no ring)

@: lethally poisoned (-3 -> -6)
A: distributed training, fangs 1, strong nose
a: no special abilities


You were on level 2 of the Dungeon.
You were not hungry.

You visited 1 branch of the dungeon, and saw 2 of its levels.

You collected 70 gold pieces.

Inventory:

Hand Weapons
 a - a +2 falchion (weapon)
 e - a +0 dagger
 k - a +2 short sword of draining
Missiles
 l - 29 stones (quivered)
 o - 24 bolts
Armour
 d - a +0 robe (worn)
 m - a +0 helmet (worn)
Scrolls
 c - a scroll of noise {unknown}
 g - a scroll of enchant armour {unknown}
 i - 2 scrolls of identify {unknown}
 n - a scroll of remove curse {unknown}
Potions
 b - 2 potions of curing {unknown}
 h - a potion of mutation {unknown}
 j - a potion of heal wounds {unknown}
Comestibles
 f - 5 rations
 p - a chunk of flesh


   Skills:
 + Level 2.7 Fighting
 + Level 1.0 Short Blades
 + Level 4.6 Long Blades
 + Level 1.0 Axes
 + Level 1.0 Maces & Flails
 + Level 1.0 Polearms
 + Level 1.0 Staves
 + Level 1.0 Slings
 + Level 1.0 Bows
 + Level 1.0 Crossbows
 + Level 1.0 Throwing
 + Level 1.0 Armour
 + Level 2.7 Dodging
 + Level 4.2 Stealth
 + Level 1.0 Shields
 + Level 1.0 Unarmed Combat
 + Level 1.0 Spellcasting
 + Level 3.8 Conjurations
 + Level 0.8 Hexes
 + Level 0.8 Charms
 + Level 0.8 Summonings
 + Level 0.8 Necromancy
 + Level 0.8 Translocations
 + Level 0.8 Transmutations
 + Level 0.8 Fire Magic
 + Level 0.8 Ice Magic
 + Level 0.8 Air Magic
 + Level 2.2 Earth Magic
 + Level 0.8 Poison Magic
 + Level 1.1 Invocations
 + Level 2.7 Evocations


You had 5 spell levels left.
You didn't know any spells.
Your spell library contained the following spells:

 Spells                   Type           Power        Failure   Level  Hunger
 Poisonous Vapours        Pois/Air       #.....       28%         2    ###....
 Swiftness                Chrm/Air       #.......     28%         2    ###....


Dungeon Overview and Level Annotations

Branches:
Dungeon (2/15)

Altars:


Innate Abilities, Weirdness & Mutations

Your experience applies equally to all skills.
You have very sharp teeth.
Your uncanny sense of smell can sniff out nearby items.


Message History

The adder bites you.
* * * LOW HITPOINT WARNING * * *
You are more poisoned.
The adder poisons you!
You hit the adder.
You kill the adder!
You feel sick.
You hit the worm.
The worm is moderately wounded.
You feel sick.
You hit the worm.
The worm is heavily wounded.
The worm closely misses you.
You hit the worm.
The worm is severely wounded.
You feel sick.
You hit the worm. You bite the worm, but do no damage.
The worm is almost dead.
The worm bites you!
You die...

### ####### #..
#.##########....... #.#
#?..@w.......(..... #.#
######............. #.#
#.............
#####.############........#####
...........).รท..............
#####.#########.###.#####.#.#
#.# ....##.# .#.# ..# ###..##.#
.# # #### ...##.#


You could see a worm.

Vanquished Creatures
  2 adders (D:2)
  A gnoll (D:1)
  An ooze (D:1)
  A worm (D:2)
  A leopard gecko (D:1)
  2 giant cockroaches
  2 goblins (D:1)
  7 hobgoblins
  6 jackals (D:1)
  5 kobolds
  2 bats (D:1)
  A frilled lizard (D:1)
  A rat (D:1)
32 creatures vanquished.

Notes
Turn   | Place    | Note
-------+----------+-------------------------------------------
     0 | D:1      | Kagalorn the Gnoll Wanderer began the quest for the Orb.
     0 | D:1      | Kagalorn set off with the following items: a +2 falchion, a
                  | wand of random effects (15), a +0 robe, a +0 dagger, a
                  | ration; and the following spells available to memorise:
                  | Poisonous Vapours, Swiftness
     0 | D:1      | Reached XP level 1. HP: 17/17 MP: 2/2
   227 | D:1      | Reached XP level 2. HP: 18/23 MP: 3/3
   455 | D:1      | Reached XP level 3. HP: 14/28 MP: 4/4
   522 | D:1      | Reached skill level 1 in Invocations
  1143 | D:2      | Reached skill level 1 in Short Blades
  1143 | D:2      | Reached skill level 1 in Axes
  1143 | D:2      | Reached skill level 1 in Maces & Flails
  1143 | D:2      | Reached skill level 1 in Polearms
  1143 | D:2      | Reached skill level 1 in Staves
  1143 | D:2      | Reached skill level 1 in Slings
  1143 | D:2      | Reached skill level 1 in Bows
  1143 | D:2      | Reached skill level 1 in Crossbows
  1143 | D:2      | Reached skill level 1 in Throwing
  1143 | D:2      | Reached skill level 1 in Armour
  1143 | D:2      | Reached skill level 1 in Shields
  1143 | D:2      | Reached skill level 1 in Unarmed Combat
  1143 | D:2      | Reached skill level 1 in Spellcasting
  1257 | D:2      | Reached XP level 4. HP: 7/34 MP: 6/6
  1484 | D:2      | Slain by a worm

Levels and vault maps discovered:
D:1:      evilmike_arrival_crescent, layout_basic
D:2:      layout_basic, nicolae_qazlal_eye_of_the_storm, lemuel_round_altar,
          first_ration, uniq_sigmund

Skill      XL: |  1  2  3 |
---------------+----------+-----
Earth Magic    | 2 |  2.2
Invocations    | 1 |  1.1
Short Blades   | 1 |  1.0
Axes           | 1 |  1.0
Maces & Flails | 1 |  1.0
Polearms       | 1 |  1.0
Staves         | 1 |  1.0
Slings         | 1 |  1.0
Bows           | 1 |  1.0
Crossbows      | 1 |  1.0
Throwing       | 1 |  1.0
Armour         | 1 |  1.0
Shields        | 1 |  1.0
Unarmed Combat | 1 |  1.0
Spellcasting   | 1 |  1.0
Fighting       | |  2.7
Long Blades    | |  4.6
Dodging        | |  2.7
Stealth        | |  4.2
Conjurations   | |  3.8
Hexes          | |  0.8
Charms         | |  0.8
Summonings     | |  0.8
Necromancy     | |  0.8
Translocations | |  0.8
Transmutations | |  0.8
Fire Magic     | |  0.8
Ice Magic      | |  0.8
Air Magic      | |  0.8
Poison Magic   | |  0.8
Evocations     | |  2.7

Action                   |  1- 3 |  4- 6 || total
-------------------------+-------+-------++-------
Melee: Falchion          |    66 |    24 ||    90
       Bite              |     8 |     4 ||    12
       Punch             |     1 |       ||     1
 Stab: Sleeping          |     7 |     2 ||     9
  Eat: Chunk             |       |     2 ||     2
Armor: Robe              |     7 |     1 ||     8
Dodge: Dodged            |    49 |    14 ||    63
       Rpst.: Falchion   |    11 |     4 ||    15

Table legend:
 A = Non-vault XP
 B = Vault XP
 C = Vault XP percentage of total XP
 D = Non-vault monster count
 E = Vault monster count
 F = Vault count percentage of total count
                 A         B        C        D         E       F
            +---------+---------+-------+---------+---------+-------
      Total |     102 |       0 |   0.0 |      32 |       0 |   0.0
            +---------+---------+-------+---------+---------+-------
        D:1 |      64 |       0 |   0.0 |      26 |       0 |   0.0
        D:2 |      38 |       0 |   0.0 |       6 |       0 |   0.0
            +---------+---------+-------+---------+---------+-------
